[Event "Titled Tuesday Blitz May 9 Late 2023"]
[White "Seletsky, Grigory"]
[Black "Klukin, Kirill"]
[WhiteFideId "14112191"]
[BlackFideId "24199273"]
[WhiteElo "2491"]
[BlackElo "2344"]
[Result "0-1"]
[Round "11"]
[TimeControl "180+2"]
[Date "2023.05.09"]
[WhiteClock "0:00:00"]
[BlackClock "0:00:14"]

1. d4 d5 2. Nc3 Nf6 3. Bf4 a6 4. e3 e6 5. a3 c5 6. Nf3 Nc6 7. Ne2 b5 8. c3 Bb7 9. h3 Qb6 10. Ne5 a5 11. Nxc6 Bxc6 12. Nc1 c4 13. Be2 Be7 14. O-O O-O 15. Bf3 b4 16. axb4 axb4 17. Ne2 Rxa1 18. Qxa1 Ra8 19. Qb1 b3 20. g4 h6 21. Kg2 Qa5 22. Be5 Nd7 23. Bh2 Qa2 24. Qc1 Nb6 25. Rd1 Na4 26. Rd2 Ba3 27. bxa3 b2 28. Qc2 Ra7 29. Bd6 Qb3 30. Qb1 f6 31. Bb4 Be8 32. Nf4 Rb7 33. Bd1 Nxc3 34. Bxc3 Qxc3 35. Re2 Qxa3 36. Nxe6 c3 37. Bc2 Ba4 38. Nc5 Bxc2 39. Rxc2 Qa1 0-1


[Site "https://www.chess.com"]

[Event "Titled Tuesday Blitz May 9 Late 2023"]
[White "ATM622"]
[Black "Prohaszka, Peter"]
[BlackFideId "726265"]
[WhiteElo "2598"]
[BlackElo "2626"]
[Result "1-0"]
[Round "11"]
[TimeControl "180+2"]
[Date "2023.05.09"]
[WhiteClock "0:00:42"]
[BlackClock "0:00:01"]

1. d4 d5 2. c4 e6 3. Nf3 c6 4. Nbd2 f5 5. g3 Nf6 6. Bg2 Bd6 7. O-O O-O 8. b3 b6 9. Bb2 Bb7 10. Qc2 Ne4 11. Ne5 Bxe5 12. dxe5 Nxd2 13. Qxd2 dxc4 14. Qxd8 Rxd8 15. bxc4 Na6 16. Rfd1 Kf7 17. e4 fxe4 18. Bxe4 Nc5 19. Bf3 Ke7 20. Ba3 Rxd1+ 21. Rxd1 Rf8 22. Bg2 g5 23. Rd6 Rd8 24. Bxc6 Ba6 25. Bxc5 bxc5 26. Rxd8 Kxd8 27. Bb5 Bxb5 28. cxb5 Kc7 29. f4 gxf4 30. gxf4 Kb6 31. a4 c4 32. Kf2 Kc5 33. Ke2 Kd4 34. Kd2 Ke4 35. a5 Kxf4 36. b6 axb6 37. axb6 1-0


[Site "https://www.chess.com"]

[Event "Titled Tuesday Blitz May 9 Late 2023"]
[White "Przybylski, Wojciech"]
[Black "Gorshtein, Ido"]
[WhiteFideId "1117599"]
[BlackFideId "2815532"]
[WhiteElo "2222"]
[BlackElo "2415"]
[Result "0-1"]
[Round "11"]
[TimeControl "180+2"]
[Date "2023.05.09"]
[WhiteClock "0:00:03"]
[BlackClock "0:00:42"]

1. d4 Nf6 2. g3 d5 3. Bg2 c6 4. a4 Bf5 5. a5 e6 6. Nf3 Nbd7 7. a6 b6 8. O-O h6 9. Nc3 Bb4 10. Bd2 O-O 11. Na2 Be7 12. Nc1 c5 13. e3 c4 14. Na2 Nb8 15. Nc3 Qe8 16. Ne5 b5 17. Ra5 b4 18. Nb5 Qd8 19. Ra1 Qb6 20. Na3 bxa3 21. Nxc4 dxc4 22. Bxa8 axb2 23. Rb1 Nxa6 24. Bg2 Ne4 25. Bxe4 Bxe4 26. Bc3 Ba3 27. f3 Bh7 28. e4 Nc7 29. Qe2 e5 30. Qxc4 Nb5 31. Bxb2 Bxb2 32. Rxb2 Qxd4+ 33. Qxd4 Nxd4 34. c3 Ne6 35. Ra1 f5 36. Ra6 Ng5 37. Rxa7 fxe4 38. f4 exf4 39. Rbb7 f3 40. Rxg7+ Kh8 41. Kf2 e3+ 42. Kxe3 f2 43. Rgf7 Rxf7 44. Rxf7 Nxf7 45. Kxf2 Kg7 46. Ke3 Kf6 47. Kd4 Ke6 48. c4 Kd6 49. Ke3 Kc5 50. h4 Kxc4 51. Kf4 Kd5 52. g4 Ke6 53. g5 hxg5+ 54. hxg5 Bg6 55. Kg4 Ke5 56. Kg3 Kf5 57. Kf3 Kxg5 58. Ke3 Kf5 59. Kd4 Kf4 60. Kd5 Bf5 61. Kd4 Be4 62. Kc5 Ke5 63. Kc4 Nd6+ 64. Kc5 Bd5 65. Kb6 Ne4 66. Kc7 Ke6 67. Kb6 Kd7 68. Kb5 Kc7 69. Kb4 Kc6 70. Ka3 Kc5 71. Ka4 Nd6 72. Ka3 Kc4 73. Kb2 Kd3 74. Ka3 Kc3 75. Ka4 Kc4 76. Ka3 Nb5+ 77. Kb2 Nd4 78. Ka3 Nb3 79. Kb2 Be4 80. Ka3 Kc3 81. Ka4 Bd3 82. Ka3 Bb1 83. Ka4 Nd4 84. Ka5 Kc4 85. Ka4 Nb5 86. Ka5 Kc5 87. Ka6 Be4 88. Ka5 Bc2 89. Ka6 Nd6 90. Ka7 Kc6 91. Ka6 Nb7 92. Ka7 Kc7 93. Ka6 Bd3+ 94. Ka7 Bf1 95. Ka8 Nd6 96. Ka7 Nc8+ 97. Ka8 Bg2# 0-1


[Site "https://www.chess.com"]

[Event "Titled Tuesday Blitz May 9 Late 2023"]
[White "DubiousM0ves532"]
[Black "Harshavardhan G B"]
[BlackFideId "25059009"]
[WhiteElo "2468"]
[BlackElo "2323"]
[Result "0-1"]
[Round "11"]
[TimeControl "180+2"]
[Date "2023.05.09"]
[WhiteClock "0:01:05"]
[BlackClock "0:02:28"]

1. Nf3 Nf6 2. c4 e6 3. g3 b6 4. Bg2 Bb7 5. O-O d5 6. b3 Be7 7. Bb2 O-O 8. d4 Nbd7 9. Nbd2 c5 10. Ne5 cxd4 11. Bxd4 Nxe5 12. Bxe5 Qd7 13. cxd5 Bxd5 14. Qc2 Bxg2 15. Kxg2 Qd5+ 16. Nf3 Rac8 17. Qb2 Rfd8 18. Rac1 Ne8 19. Rxc8 Rxc8 20. Rc1 Rxc1 21. Qxc1 f6 22. Bc3 e5 23. Qd2 Qxd2 24. Bxd2 Kf7 25. Bc3 Nd6 26. Nd2 Nb5 27. Bb2 Ba3 28. Nc4 Bxb2 29. Nxb2 Nc3 30. Nc4 Nxa2 31. Nd6+ Ke6 32. Nc8 Nc3 33. Nxa7 Nxe2 34. Nc8 b5 35. Na7 Nd4 36. b4 Kd5 37. f3 Kd6 38. Kf2 Kc7 0-1


[Site "https://www.chess.com"]

[Event "Titled Tuesday Blitz May 9 Late 2023"]
[White "Mazurkiewicz, Michal"]
[Black "Amburgy, Ryan"]
[WhiteFideId "1124943"]
[BlackFideId "30924820"]
[WhiteElo "2054"]
[BlackElo "2134"]
[Result "0-1"]
[Round "11"]
[TimeControl "180+2"]
[Date "2023.05.09"]
[WhiteClock "0:00:01"]
[BlackClock "0:01:27"]

1. e4 d5 2. exd5 Nf6 3. Nf3 Bg4 4. Bb5+ Nbd7 5. h3 Bh5 6. Nc3 a6 7. Be2 Nb6 8. d4 Nfxd5 9. Nxd5 Qxd5 10. O-O e6 11. b3 O-O-O 12. c4 Qe4 13. Be3 Bb4 14. a3 Be7 15. b4 e5 16. Nxe5 Bxe2 17. Qxe2 Rxd4 18. c5 Nd5 19. Qg4+ Qxg4 20. Nxg4 Nxe3 21. fxe3 Re4 22. Rxf7 h5 23. Nf2 Rxe3 24. Rf1 Bf6 25. Nd1 Rxa3 26. Nf2 Re8 27. g4 hxg4 28. Nxg4 Bd4+ 29. Kg2 Re2+ 30. Nf2 b6 31. c6 Rae3 32. Rf8+ Re8 33. Rxe8+ Rxe8 34. Ng4 a5 35. bxa5 bxa5 36. Ra1 Bxa1 0-1


[Site "https://www.chess.com"]

[Event "Titled Tuesday Blitz May 9 Late 2023"]
[White "FuenfgegenWilly"]
[Black "Sowa, Ryan"]
[BlackFideId "30901693"]
[WhiteElo "2361"]
[BlackElo "2635"]
[Result "0-1"]
[Round "11"]
[TimeControl "180+2"]
[Date "2023.05.09"]
[WhiteClock "0:00:00"]
[BlackClock "0:01:27"]

1. Nf3 b6 2. e4 Bb7 3. Nc3 e6 4. d4 Bb4 5. Bd3 Nf6 6. Qe2 O-O 7. e5 Nd5 8. Bxh7+ Kxh7 9. Ng5+ Kg6 10. Qg4 f5 11. exf6 Nxf6 12. Qg3 Nh5 13. Qd3+ Kf6 14. Nh7+ Kf7 15. Nxf8 Qxf8 16. Bg5 Kg8 17. O-O-O Qxf2 18. Qg6 Qf7 19. Qxf7+ Kxf7 20. Rhf1+ Kg8 21. g3 Bxc3 22. bxc3 Nc6 23. g4 Nf6 24. Bxf6 gxf6 25. Rxf6 Rf8 26. Rdf1 Rxf6 27. Rxf6 Kg7 28. g5 Ne7 29. h4 Ng8 30. Rf4 Kg6 31. Rf8 Ne7 32. Rd8 Bc6 33. Re8 Nf5 34. Rg8+ Kf7 35. Rh8 Kg6 36. Kd2 d6 37. Kd3 e5 38. dxe5 dxe5 39. Ke2 e4 40. Rg8+ Kh5 41. Rh8+ Kg6 42. Rg8+ Kf7 43. Rh8 Bb5+ 44. Ke1 e3 45. h5 Nh4 46. g6+ Kf6 47. Rf8+ Ke7 48. Rf7+ Ke6 49. Rf1 Ng2+ 0-1


[Site "https://www.chess.com"]

[Event "Titled Tuesday Blitz May 9 Late 2023"]
[White "Boder, Jan"]
[Black "Filgueira, Hernan"]
[WhiteFideId "16243226"]
[BlackFideId "101770"]
[WhiteElo "2241"]
[BlackElo "2363"]
[Result "0-1"]
[Round "11"]
[TimeControl "180+2"]
[Date "2023.05.09"]
[WhiteClock "0:00:05"]
[BlackClock "0:00:30"]

1. b3 d5 2. Bb2 c6 3. e3 Nf6 4. f4 Bg4 5. Be2 Bxe2 6. Qxe2 Nbd7 7. Nf3 e6 8. O-O Bd6 9. Ne5 Qc7 10. Nxd7 Qxd7 11. d3 Qe7 12. Nd2 e5 13. fxe5 Bxe5 14. Bxe5 Qxe5 15. Nf3 Qc7 16. Nd4 O-O-O 17. b4 h5 18. h3 Rde8 19. Qf3 Kb8 20. a4 h4 21. a5 a6 22. Nf5 Reg8 23. Qf4 Nh5 24. Qxc7+ Kxc7 25. Ne7 Rf8 26. Rf3 Nf6 27. Nf5 Ne8 28. Raf1 Kd7 29. Nxg7 Nd6 30. Nf5 Ne8 31. Nd4 Rh7 32. Rf4 Nd6 33. Rg4 Re8 34. Rf3 Re5 35. Kf2 Ke7 36. Rff4 Reh5 37. Nf3 Nf5 38. Nd4 Ng3 39. Nf3 Nf5 40. Nd4 Nd6 41. Rf3 f5 42. Rgf4 Rf7 43. c3 Nb5 44. Ne2 Na3 45. c4 dxc4 46. dxc4 Nc2 47. Nd4 Nxb4 48. Nxf5+ Kd7 49. Nd4 Nd3+ 50. Ke2 Nxf4+ 51. exf4 Re7+ 52. Kd3 Rxa5 53. f5 Ra3+ 54. Kd2 Rxf3 55. Nxf3 Kd6 56. Nxh4 a5 57. Kd3 a4 58. Kc3 b5 59. cxb5 cxb5 60. g4 Re3+ 61. Kb4 Rb3+ 62. Ka5 a3 63. f6 a2 64. f7 a1=Q+ 65. Kb6 Qd4+ 66. Kb7 Qf6 67. Nf5+ Kc5 68. f8=Q+ Qxf8 69. Kc7 Ra3 70. Kd7 Ra7+ 71. Ke6 Qf7+ 72. Ke5 Re7+ 73. Kf4 Re1 74. Kg5 Re5 75. h4 Rxf5+ 76. gxf5 b4 77. f6 b3 78. h5 b2 0-1


[Site "https://www.chess.com"]

[Event "Titled Tuesday Blitz May 9 Late 2023"]
[White "Ladan, Nicholas"]
[Black "Howell, David W L"]
[WhiteFideId "30918855"]
[BlackFideId "410608"]
[WhiteElo "2167"]
[BlackElo "2567"]
[Result "0-1"]
[Round "11"]
[TimeControl "180+2"]
[Date "2023.05.09"]
[WhiteClock "0:00:10"]
[BlackClock "0:00:41"]

1. d4 Nf6 2. Nf3 g6 3. Nbd2 Bg7 4. e4 O-O 5. e5 Ne8 6. Bc4 d6 7. O-O c5 8. exd6 Nxd6 9. dxc5 Nxc4 10. Nxc4 Qc7 11. Be3 Na6 12. Nd4 Qxc5 13. Ne6 Qxc4 14. Nxf8 Bxf8 15. Qd8 b6 16. Bh6 Bb7 17. Rad1 Qc6 18. f3 Nc7 19. Bxf8 Rxd8 20. Rxd8 Ne6 21. Rfd1 Nxd8 22. Rxd8 f6 23. Rc8 0-1


[Site "https://www.chess.com"]

[Event "Titled Tuesday Blitz May 9 Late 2023"]
[White "cristianserban1"]
[Black "Hambleton, Aman"]
[BlackFideId "2606577"]
[WhiteElo "2487"]
[BlackElo "2511"]
[Result "1-0"]
[Round "11"]
[TimeControl "180+2"]
[Date "2023.05.09"]
[WhiteClock "0:00:11"]
[BlackClock "0:00:06"]

1. d4 e5 2. dxe5 Nc6 3. Nf3 Qe7 4. Nc3 Nxe5 5. Nd5 Nxf3+ 6. gxf3 Qd8 7. Bf4 d6 8. e4 Nf6 9. Bg5 Be7 10. Nxe7 Qxe7 11. Qd4 Qe5 12. Qxe5+ dxe5 13. Bc4 h6 14. Bxf6 gxf6 15. Rg1 Ke7 16. Ke2 Bd7 17. Rg7 Be8 18. Rd1 Kf8 19. Rgg1 Ke7 20. Rd2 Rd8 21. Rxd8 Kxd8 22. Ke3 Ke7 23. f4 a5 24. a3 Kf8 25. fxe5 fxe5 26. f4 exf4+ 27. Kxf4 Ke7 28. e5 b6 29. Rg7 Kf8 30. Rg3 Rg8 31. Rxg8+ Kxg8 32. e6 fxe6 33. Bxe6+ Kf8 34. Ke5 Ke7 35. h4 Bg6 36. c3 Bd3 37. b4 axb4 38. axb4 Be2 39. Bb3 Bg4 40. Bd5 Bh3 41. Bc6 Be6 42. Be4 Kf7 43. Bd5 Bxd5 44. Kxd5 Ke7 45. Kc6 Kd8 46. c4 Kc8 47. c5 bxc5 48. bxc5 h5 49. Kd5 Kd7 50. c6+ Ke7 51. Ke5 Kf7 52. Kf5 Ke7 53. Kg5 Ke6 54. Kg6 Ke7 55. Kg5 Ke6 56. Kxh5 Kf5 57. Kh6 Kf6 58. Kh7 Kf7 59. h5 Kf6 60. Kg8 Kg5 61. Kf7 Kxh5 62. Ke7 Kg6 63. Kd7 Kf7 64. Kxc7 Ke7 65. Kb7 Kd8 66. c7+ Kd7 67. c8=Q+ Kd6 68. Qc6+ Ke5 69. Kc7 Kf5 70. Qd6 Kg5 71. Qe6 Kf4 72. Kd6 Kf3 73. Qe5 Kg4 74. Qf6 Kg3 75. Qf5 Kg2 76. Qf4 Kg1 77. Qf3 Kh2 78. Qg4 Kh1 79. Ke5 Kh2 80. Kf4 Kh1 81. Kf3 Kh2 82. Qh4+ Kg1 83. Qg3+ Kh1 84. Qg2# 1-0


[Site "https://www.chess.com"]

[Event "Titled Tuesday Blitz May 9 Late 2023"]
[White "Remolar Gallen, Jose"]
[Black "Papasimakopoulos, Alexandros"]
[WhiteFideId "2215187"]
[BlackFideId "4244125"]
[WhiteElo "2223"]
[BlackElo "2359"]
[Result "0-1"]
[Round "11"]
[TimeControl "180+2"]
[Date "2023.05.09"]
[WhiteClock "0:00:00"]
[BlackClock "0:00:15"]

1. d4 Nf6 2. Nf3 b6 3. e3 Bb7 4. Bd3 c5 5. O-O g6 6. c4 cxd4 7. exd4 Bg7 8. Nc3 O-O 9. Re1 d5 10. Qe2 dxc4 11. Bxc4 e6 12. Bg5 h6 13. Bh4 g5 14. Bg3 Nc6 15. Rad1 Nb4 16. h4 Nh5 17. Bh2 g4 18. Ne5 Qxh4 19. Nxg4 Rad8 20. a3 Nd5 21. Nxd5 Bxd5 22. Bd3 f5 23. Ne3 Ba8 24. Nc4 Kh8 25. Be5 Nf4 26. Bxf4 Qxf4 27. Ne5 Qg5 28. f4 Qg3 29. Bc4 Bxe5 30. fxe5 Rg8 31. Rd2 Rg6 32. Qf2 Qg5 33. d5 exd5 34. Bf1 d4 35. e6 Be4 36. Rxd4 Re8 37. Rd6 Rgxe6 38. Rxe6 Rxe6 39. Bd3 Kg7 40. Qd4+ Qf6 41. Qxf6+ Kxf6 42. Bxe4 fxe4 43. Kf2 Ke5 44. Ke3 Rd6 45. Rh1 Rd3+ 46. Ke2 Rb3 47. Rh5+ Kd4 48. Rxh6 Rxb2+ 49. Kf1 Ra2 50. Rd6+ Ke3 0-1


[Site "https://www.chess.com"]

[Event "Titled Tuesday Blitz May 9 Late 2023"]
[White "Rios Escobar, Adan"]
[Black "Rorrer, Grayson"]
[WhiteFideId "3403645"]
[BlackFideId "30944996"]
[WhiteElo "2445"]
[BlackElo "2200"]
[Result "1-0"]
[Round "11"]
[TimeControl "180+2"]
[Date "2023.05.09"]
[WhiteClock "0:00:05"]
[BlackClock "0:00:07"]

1. d4 Nf6 2. g3 d5 3. Bg2 Bf5 4. Nf3 e6 5. c4 c6 6. O-O h6 7. Nc3 Bd6 8. Qb3 Qb6 9. c5 Qxb3 10. axb3 Bc7 11. b4 Nbd7 12. b5 Ke7 13. Bf4 Bxf4 14. gxf4 Rhc8 15. e3 b6 16. bxc6 Rxc6 17. Ne5 Nxe5 18. fxe5 Nd7 19. e4 dxe4 20. Nxe4 Rc7 21. Nd6 Rb8 22. Nxf5+ exf5 23. d5 Rxc5 24. Rxa7 Ke8 25. e6 fxe6 26. dxe6 Nf8 27. Rxg7 Re5 28. Bc6+ Kd8 29. Rd1+ Kc8 30. Bd7+ Kb7 31. e7 Nxd7 32. Rxd7+ Kc6 33. Rd8 Rxe7 34. Rg6+ Kc7 35. Rxb8 Kxb8 36. Rxb6+ Kc7 37. Rxh6 Re1+ 38. Kg2 Rb1 39. Rh7+ Kd6 40. Rf7 Rxb2 41. Rxf5 Ke6 42. Rf3 Rb4 43. Kg3 Rb8 44. h4 Rg8+ 45. Kh3 Rh8 46. Kg4 Rg8+ 47. Kh3 Rh8 48. Rf4 Ke5 49. Rf7 Ke6 50. Rg7 Kf6 51. Rg4 Kf5 52. Kg3 Ra8 53. Rg5+ Kf6 54. Rc5 Ra3+ 55. f3 Kg6 56. Rb5 Kh6 57. Kg4 Ra4+ 58. f4 Ra1 59. Rb6+ Kg7 60. Kg5 Ra5+ 61. f5 Ra1 62. Rb7+ Kf8 63. h5 Kg8 64. Kg6 Rg1+ 65. Kf6 Rh1 66. Kg6 Rg1+ 67. Kh6 Rf1 68. Rg7+ Kf8 69. Rg5 Kf7 70. Kh7 Kf6 71. Rg6+ Kf7 72. Rg5 Kf6 73. Rg8 Rh1 74. h6 Kf7 75. Rg7+ Kf6 76. Rg8 Kf7 77. Ra8 Rh5 78. Ra5 Kf6 79. Rb5 Kf7 80. Rc5 Kf6 81. Kg8 Rg5+ 82. Kf8 Rh5 83. h7 Rxh7 84. Rc6+ Kxf5 85. Rc5+ Kf6 86. Rc6+ Kf5 87. Rc5+ Ke6 88. Rc6+ Kd7 89. Ra6 Rh1 90. Ra7+ Ke6 91. Ra6+ Kf5 92. Ra5+ Kg6 93. Ra6+ Kg5 94. Ra5+ Kf6 95. Ra6+ Kf5 96. Ra5+ Kg4 97. Ra4+ Kf3 98. Ra3+ Ke4 99. Ra4+ Ke3 100. Kf7 Rf1+ 101. Ke6 Kd3 102. Kd5 Kc3 103. Ra3+ Kb4 104. Rh3 Rf8 105. Rh6 Kb5 106. Rh5 Rc8 107. Kd4+ Kb4 108. Kd3 Rc3+ 109. Kd2 Rc4 110. Rh8 Rg4 111. Rb8+ Kc4 112. Ra8 Rg2+ 113. Ke3 Rg4 114. Ra4+ 1-0


[Site "https://www.chess.com"]

[Event "Titled Tuesday Blitz May 9 Late 2023"]
[White "Bryakin, Mikhail"]
[Black "Mikhalsky, Vladimir"]
[WhiteFideId "4165314"]
[BlackFideId "14144352"]
[WhiteElo "2467"]
[BlackElo "2236"]
[Result "1-0"]
[Round "11"]
[TimeControl "180+2"]
[Date "2023.05.09"]
[WhiteClock "0:02:13"]
[BlackClock "0:00:00"]

1. g3 c5 2. Bg2 d5 3. d3 Nc6 4. Nd2 e5 5. e4 d4 6. Ngf3 f6 7. O-O Be6 8. Ne1 Qd7 9. f4 Bd6 10. Nc4 Bc7 11. a4 Nge7 12. f5 Bf7 13. g4 h6 14. h3 O-O-O 15. Bd2 Kb8 16. a5 Nc8 17. Bf3 Nd6 18. b3 Rc8 19. Kg2 Qd8 20. Nxd6 Qxd6 21. a6 b5 22. h4 Bb6 23. Be2 Nb4 24. Nf3 Ka8 25. g5 hxg5 26. hxg5 c4 27. bxc4 bxc4 28. g6 Be8 29. dxc4 Bc6 30. Bd3 Rh5 31. Qe1 Bc5 32. Rh1 Rch8 33. Rxh5 Rxh5 34. Bxb4 Bxb4 35. Qg3 Qd8 36. Rh1 Qh8 37. Rh2 Rxh2+ 38. Qxh2 Qxh2+ 39. Nxh2 Kb8 40. Ng4 Bf8 41. c5 Kc7 42. Kf3 Kd8 43. Bc4 Bd7 44. Ke2 Kc7 45. Kd3 Bc8 46. Bb5 Bxc5 47. Nxf6 Kb6 48. Bc4 Bf8 49. Ng4 Kc5 50. Nxe5 Kb4 51. Nc6+ Kc5 52. Nxd4 Kb6 53. e5 Bc5 54. Ne6 Bxe6 55. Bxe6 Kxa6 56. f6 Bf8 57. Kc4 Kb6 58. Kd5 Kc7 59. Bf5 Kd8 60. Ke6 1-0


[Site "https://www.chess.com"]

[Event "Titled Tuesday Blitz May 9 Late 2023"]
[White "Mirzoev, Azer"]
[Black "Koutsin"]
[WhiteFideId "13400304"]
[WhiteElo "2525"]
[BlackElo "2432"]
[Result "1-0"]
[Round "11"]
[TimeControl "180+2"]
[Date "2023.05.09"]
[WhiteClock "0:00:24"]
[BlackClock "0:00:00"]

1. c4 Nf6 2. Nc3 e6 3. e4 d5 4. cxd5 exd5 5. e5 Ne4 6. Qf3 Nxc3 7. dxc3 Be6 8. Qg3 c5 9. Nh3 Nc6 10. Ng5 Qd7 11. Bb5 a6 12. Ba4 O-O-O 13. O-O h6 14. Nxe6 fxe6 15. f4 Qf7 16. Be3 b5 17. Bd1 g6 18. a4 Kb7 19. axb5 axb5 20. Bg4 h5 21. Qh3 Re8 22. Bf3 Qf5 23. Qh4 Be7 24. Qf2 Rhf8 25. Bxc5 Qxf4 26. Bxe7 Rxe7 27. Qc5 Rff7 28. Qxb5+ Kc7 29. Qc5 Qxe5 30. Ra7+ Kd8 31. Ra6 Rc7 32. Rxc6 Rxc6 33. Qxc6 Rc7 34. Qb6 Kd7 35. h3 Qg3 36. Be2 1-0


[Site "https://www.chess.com"]

[Event "Titled Tuesday Blitz May 9 Late 2023"]
[White "Ibadov, Dashgyn"]
[Black "Colpe, Malte"]
[WhiteFideId "24107514"]
[BlackFideId "24623075"]
[WhiteElo "2208"]
[BlackElo "2289"]
[Result "0-1"]
[Round "11"]
[TimeControl "180+2"]
[Date "2023.05.09"]
[WhiteClock "0:00:00"]
[BlackClock "0:00:19"]

1. d4 Nf6 2. Nf3 g6 3. Bf4 b6 4. c4 Bb7 5. Nc3 Bg7 6. e3 O-O 7. h3 d5 8. cxd5 Nxd5 9. Nxd5 Qxd5 10. Be2 c5 11. Be5 cxd4 12. Bxg7 Kxg7 13. Qxd4+ Qxd4 14. exd4 Bd5 15. Kd2 Nc6 16. Rhc1 Rfd8 17. Ke3 f6 18. Rc3 Rd6 19. Rac1 Re6+ 20. Kd2 Rd8 21. Re3 Red6 22. Kc3 Kf7 23. Ne1 Nxd4 24. Kxd4 Bb7+ 25. Kc3 Rc6+ 26. Bc4+ Rxc4+ 27. Kxc4 Rc8+ 28. Kb3 Rxc1 29. Nd3 Rd1 30. g3 Bd5+ 31. Ka3 e5 32. Nb4 Be6 33. Rc3 a5 34. Nc6 Rd6 35. Na7 Bd7 36. h4 Ke6 37. Rc7 h5 38. Kb3 Rd3+ 39. Kc2 Rd4 40. Rb7 Rd6 41. Kc3 Kf5 42. b4 axb4+ 43. Kxb4 Ke4 44. Rc7 Kf3 45. Rc2 g5 46. hxg5 fxg5 0-1


[Site "https://www.chess.com"]

[Event "Titled Tuesday Blitz May 9 Late 2023"]
[White "Golubev, Mikhail"]
[Black "Nikologorskiy, Konstantin"]
[WhiteFideId "14100983"]
[BlackFideId "24111708"]
[WhiteElo "2374"]
[BlackElo "2273"]
[Result "0-1"]
[Round "11"]
[TimeControl "180+2"]
[Date "2023.05.09"]
[WhiteClock "0:00:39"]
[BlackClock "0:01:53"]

1. e4 c5 2. Nf3 d6 3. d4 cxd4 4. Nxd4 Nf6 5. Nc3 a6 6. Bc4 e6 7. Bb3 Be7 8. f4 O-O 9. Be3 e5 10. Nf5 Bxf5 11. exf5 exf4 12. Bxf4 Qb6 13. Qf3 Nc6 14. Be3 Qa5 15. O-O-O Ne5 16. Qg3 Rfc8 17. Nd5 Nxd5 18. Rxd5 Qc7 19. Rhd1 b5 20. Bf4 a5 21. Rxe5 dxe5 22. Bxe5 Bg5+ 23. Kb1 Qc5 24. h4 a4 25. Bxf7+ Kxf7 26. hxg5 Qxc2+ 0-1


[Site "https://www.chess.com"]

[Event "Titled Tuesday Blitz May 9 Late 2023"]
[White "Arnold, Ken"]
[Black "Sun, Rick"]
[WhiteFideId "2056836"]
[BlackFideId "30909481"]
[WhiteElo "2396"]
[BlackElo "2169"]
[Result "1-0"]
[Round "11"]
[TimeControl "180+2"]
[Date "2023.05.09"]
[WhiteClock "0:01:03"]
[BlackClock "0:00:00"]

1. d4 Nf6 2. Nf3 g6 3. g3 Bg7 4. Bg2 O-O 5. O-O d6 6. Nbd2 Nbd7 7. c3 e5 8. dxe5 dxe5 9. Nc4 Qe7 10. a4 e4 11. Nd4 a5 12. Bf4 Nd5 13. Nf5 Qc5 14. Qxd5 gxf5 15. Qxc5 Nxc5 16. Bxc7 Be6 17. Nb6 Ra6 18. Bd6 Rxb6 19. Bxc5 Rxb2 20. Bxf8 Kxf8 21. Rfb1 Rxb1+ 22. Rxb1 Bxc3 23. Rxb7 Bb4 24. g4 Bd5 25. Rb8+ Kg7 26. gxf5 Bc6 27. f6+ Kg6 28. Rb6 Bxa4 29. Bxe4+ Kg5 30. Bxh7 Bd1 31. Bd3 Bc3 32. e3 a4 33. Ra6 Bb2 34. Bc4 Bxf6 35. h4+ Kf5 36. e4+ Ke5 37. f4+ Kd4 38. Bxf7 Bxh4 39. e5 Bg3 40. e6 Bxf4 41. e7 1-0


[Site "https://www.chess.com"]

[Event "Titled Tuesday Blitz May 9 Late 2023"]
[White "brm72"]
[Black "Rangel, Daniel"]
[BlackFideId "2124475"]
[WhiteElo "2532"]
[BlackElo "2256"]
[Result "1-0"]
[Round "11"]
[TimeControl "180+2"]
[Date "2023.05.09"]
[WhiteClock "0:00:21"]
[BlackClock "0:00:07"]

1. e4 c5 2. Nf3 g6 3. d4 cxd4 4. Nxd4 Bg7 5. Nc3 Nc6 6. Be3 Nf6 7. f3 O-O 8. Bc4 Re8 9. Qd2 e6 10. O-O-O d5 11. exd5 exd5 12. Bb3 Na5 13. Kb1 Nc4 14. Bxc4 dxc4 15. h4 Nd5 16. Nxd5 Qxd5 17. Bh6 Qxd4 18. Qxd4 Bxd4 19. Rxd4 Be6 20. Rhd1 f6 21. a4 Kf7 22. Bf4 Re7 23. g4 Rc8 24. Ka2 b6 25. Ka3 a6 26. Kb4 Rb7 27. Rd6 b5 28. a5 Ra8 29. h5 gxh5 30. gxh5 Bf5 31. c3 Re7 32. R1d2 Bd3 33. Rb6 Raa7 34. h6 Re2 35. Rxe2 Bxe2 36. Be3 Bxf3 37. Rd6 Ra8 38. Rd7+ Ke6 39. Rxh7 Ke5 40. Bd4+ Ke6 41. Rg7 Be4 42. Kc5 Rc8+ 43. Kb6 Rc6+ 44. Ka7 Rd6 45. h7 Bxh7 46. Rxh7 b4 47. Rc7 bxc3 48. bxc3 Kd5 49. Rc5+ Ke4 50. Rxc4 Kd3 51. Rc5 Re6 52. Rf5 Kc4 53. Rxf6 Re7+ 54. Kxa6 Rh7 55. Rc6+ Kb3 56. Rb6+ Ka4 57. Rb4+ Ka3 58. Kb5 Ka2 59. Ka4 Rh5 60. a6 Rh6 61. a7 Ra6+ 62. Kb5 Ra3 63. Ra4 Kb2 64. Rxa3 Kb1 65. a8=Q Kc2 66. Qg2+ Kd3 67. Qf1+ Ke4 68. Qe2+ Kd5 69. c4+ Kd6 70. Qe5+ Kd7 71. Ra7+ Kc8 72. Qc7# 1-0


[Site "https://www.chess.com"]

[Event "Titled Tuesday Blitz May 9 Late 2023"]
[White "Pasti, Aron"]
[Black "Sreyas Payyappat"]
[WhiteFideId "785857"]
[BlackFideId "46674969"]
[WhiteElo "2173"]
[BlackElo "2043"]
[Result "1-0"]
[Round "11"]
[TimeControl "180+2"]
[Date "2023.05.09"]
[WhiteClock "0:02:24"]
[BlackClock "0:01:38"]

1. e4 c6 2. Nf3 d5 3. Nc3 dxe4 4. Nxe4 Nf6 5. Nxf6+ exf6 6. d4 Bd6 7. Bd3 O-O 8. O-O Re8 9. h3 Nd7 10. Nh4 Nf8 11. Nf5 Bc7 12. Qg4 Ng6 13. h4 Bxf5 14. Bxf5 Qd6 15. g3 Rad8 16. h5 Ne7 17. Bf4 Qd5 18. Bxc7 Nxf5 19. Bxd8 Nxd4 20. Rad1 Rxd8 21. c3 Nf3+ 22. Qxf3 1-0


[Site "https://www.chess.com"]

[Event "Titled Tuesday Blitz May 9 Late 2023"]
[White "Fathy, Elameir"]
[Black "Kavutskiy, Konstantin"]
[WhiteFideId "10600396"]
[BlackFideId "2026384"]
[WhiteElo "2311"]
[BlackElo "2323"]
[Result "0-1"]
[Round "11"]
[TimeControl "180+2"]
[Date "2023.05.09"]
[WhiteClock "0:00:00"]
[BlackClock "0:00:44"]

1. d4 Nf6 2. c4 g6 3. Nc3 Bg7 4. e4 d6 5. Nf3 O-O 6. Be2 e5 7. d5 Nbd7 8. Be3 Ng4 9. Bg5 f6 10. Bh4 Nh6 11. Nd2 a5 12. f3 Nf7 13. Bf2 Nc5 14. a3 Bh6 15. Rb1 Bd7 16. b4 axb4 17. axb4 Na4 18. Qc2 Nxc3 19. Qxc3 Ra2 20. Rb2 Ra1+ 21. Rb1 Ra2 22. Rb2 Qa8 23. O-O Qa3 24. Qxa3 Rxa3 25. Rfb1 Rfa8 26. c5 Ra2 27. Nc4 Bb5 28. Bf1 Rxb2 29. Nxb2 Bxf1 30. Kxf1 Ra2 31. Nc4 Bf8 32. c6 b5 33. Na5 Be7 34. Be1 f5 35. Rd1 Ng5 36. exf5 gxf5 37. Rd2 Ra1 38. Ke2 e4 39. Bh4 Kf7 40. Rc2 exf3+ 41. gxf3 Nxf3 42. Kf2 Nxh4 0-1


[Site "https://www.chess.com"]

[Event "Titled Tuesday Blitz May 9 Late 2023"]
[White "OPQRC"]
[Black "Cruz, William Ferreira Da"]
[BlackFideId "2118050"]
[WhiteElo "2489"]
[BlackElo "2223"]
[Result "1-0"]
[Round "11"]
[TimeControl "180+2"]
[Date "2023.05.09"]
[WhiteClock "0:00:10"]
[BlackClock "0:00:03"]

1. e4 e6 2. d4 d5 3. Nd2 c5 4. exd5 Qxd5 5. dxc5 Bxc5 6. Bc4 Qd8 7. Ngf3 Qc7 8. O-O a6 9. b3 b5 10. Bd3 Be7 11. Ne4 Nf6 12. Bb2 Bb7 13. Nfd2 Nbd7 14. Qf3 Ne5 15. Qg3 Nxe4 16. Nxe4 Bf6 17. Rad1 O-O-O 18. Nxf6 gxf6 19. Bxe5 fxe5 20. Qh4 Rhg8 21. Be4 f5 22. Rxd8+ Rxd8 23. Bxb7+ Kxb7 24. Qf6 Qd6 25. h4 e4 26. h5 Rd7 27. c4 b4 28. c5 Qd5 29. Rc1 Rc7 30. h6 a5 31. c6+ Rxc6 32. Qe7+ Ka6 33. Rxc6+ Qxc6 34. Qxh7 Qc1+ 35. Kh2 Qf4+ 36. Kg1 e3 37. fxe3 Qxe3+ 38. Kh2 Qf4+ 39. Kg1 Qe3+ 40. Kf1 Qc1+ 41. Kf2 Qd2+ 42. Kf3 Qd5+ 43. Kf4 e5+ 44. Kg5 Qxg2+ 45. Kf6 f4 46. Qd3+ Kb6 47. h7 Qh2 48. Qd8+ Kc5 49. h8=Q 1-0


[Site "https://www.chess.com"]

[Event "Titled Tuesday Blitz May 9 Late 2023"]
[White "Chabris, Christopher"]
[Black "Grinev, Valeriy"]
[WhiteFideId "2005263"]
[BlackFideId "14117517"]
[WhiteElo "2356"]
[BlackElo "2366"]
[Result "1-0"]
[Round "11"]
[TimeControl "180+2"]
[Date "2023.05.09"]
[WhiteClock "0:00:38"]
[BlackClock "0:01:42"]

1. e4 c5 2. Nf3 Nc6 3. Bb5 g6 4. Bxc6 dxc6 5. d3 Bg7 6. h3 b6 7. Nc3 Qc7 8. Be3 h6 9. a4 e5 10. Qd2 Ne7 11. O-O a5 12. Nh2 g5 13. Ne2 f5 14. exf5 Bxf5 15. Ng3 Bg6 16. Ne4 O-O 17. h4 gxh4 18. Bxh6 Nd5 19. Qg5 Bxe4 20. dxe4 Nf4 21. Ng4 h3 22. g3 Ne2+ 23. Kh2 Nd4 24. f4 exf4 25. gxf4 Kh7 26. Kxh3 Bxh6 27. Qxh6+ Kg8 28. Rg1 Kf7 29. Ne5+ Ke8 30. Rg7 Qd8 31. Qg6+ Rf7 32. Qxf7# 1-0


[Site "https://www.chess.com"]